Map: Arctic Flowers LE

Players

flynn

  • Race: Protoss Protoss
  • Spawn Location: 1:00

SepiaWight

  • Race: Zerg Zerg
  • League: Silver
  • Spawn Location: 1:00

ThickMunky - Winner!

  • Race: Zerg Zerg
  • Spawn Location: 7:00

David - Winner!

  • Race: Terran Terran
  • Spawn Location: 7:00

VOD

Have the link to the VOD?

Description

Time

  • Played on: April 11, 2025, 10:44 a.m.
  • Length: 13:31
Show
View Real Time Build Order
Export as new Build Order

flynn Protoss 

Build Orders: Oracle Opening 

Get SALT Encoding   

  12  0:00  Probe  
  13  0:12  Probe  
  14  0:24  Probe  
  14  0:25  Pylon  
  15  0:41  Probe  
  15  0:45  Gateway  
  15  0:49  Probe  
  17  0:58  Probe  
  17  1:00  Assimilator  
  18  1:09  Assimilator  
  18  1:10  Probe  
  19  1:16  Pylon  
  19  1:22  Probe  
  20  1:30  Zealot  
  20  1:34  Cybernetics Core  
  22  1:43  Gateway  
  22  1:52  Probe  
  23  1:59  Zealot  
  23  2:04  Probe  
  26  2:17  Stargate  
  26  2:21  Probe  
  27  2:33  Probe  
  27  2:34  Stalker  
  28  2:43  Pylon  
  30  2:52  Oracle  
  30  2:53  Forge  
  31  3:15  Shield Battery  
  31  3:30  Warp Gate  
  31  3:32  Zealot x2  
  35  3:59  Photon Cannon  
  35  4:04  Photon Cannon  
  31  4:27  Stalker  
  31  4:42  Protoss Ground Weapons Level 1  
  31  4:53  Nexus  
  35  5:07  Void Ray  
  35  5:16  Assimilator  
  35  5:20  Stalker  
  35  5:21  Stalker  
  39  5:25  Robotics Facility  
  39  5:37  Protoss Air Weapons Level 1  
  39  6:01  Pylon  
  39  6:13  Immortal  
  39  6:16  Gateway  
  35  7:17  Stalker  
  35  7:18  Stalker  
  35  7:24  Immortal  
  39  7:36  Probe  
  40  7:42  Stargate  
  44  7:46  Probe, Protoss Shields Level 1  
  44  7:47  Void Ray  
  45  7:54  Probe  
  45  7:55  Twilight Council  
  45  7:57  Assimilator  
  46  8:03  Observer, Probe  
  48  8:15  Probe  
  45  8:26  Stalker x2  
  54  8:27  Probe  
  54  8:28  Immortal  
  54  8:30  Void Ray  
  54  8:32  Stalker  
  60  8:41  Probe  
  60  8:47  Charge  
  61  8:53  Probe  
  62  9:12  Pylon  
  62  9:23  Probe  
  61  9:24  Phoenix  
  62  9:31  Void Ray  
  62  9:35  Probe  
  55  9:47  Probe  
  52  9:53  Stalker  
  52  9:54  Stalker  
  52  9:57  Stalker  
  58  10:01  Probe  
  59  10:09  Probe  
  60  10:19  Probe  
  60  10:26  Nexus  
  61  10:31  Probe  
  62  10:43  Probe  
  51  11:00  Stalker  
  51  11:02  Stalker  
  48  11:06  Stalker  
  40  11:27  Photon Cannon  
  40  11:28  Stalker  
  42  11:36  Pylon  
  39  11:40  Zealot  
  47  12:10  Void Ray x2  
  47  12:12  Pylon  
  47  12:26  Fleet Beacon  
  45  12:31  Pylon  
  45  12:34  Gateway  
  45  12:43  Forge  
Show
View Real Time Build Order
Export as new Build Order

SepiaWight Zerg 

Build Orders: 3 Hatch before Pool 

Get SALT Encoding   

  12  0:01  Drone  
  13  0:14  Overlord  
  13  0:50  Extractor  
  13  0:51  Drone  
  13  0:52  Drone x2  
  15  0:57  Extractor  
  14  1:21  Hatchery  
  14  1:23  Drone x2  
  15  1:30  Hatchery  
  14  1:35  Drone x2  
  16  2:03  Overlord  
  16  2:06  Drone  
  17  2:30  Spawning Pool  
  17  2:31  Drone  
  17  2:32  Drone x2  
  19  2:37  Drone  
  20  3:10  Hatchery  
  19  3:17  Drone x2, Zergling x2  
  19  3:18  Zergling x10  
  19  3:19  Zergling x2  
  28  3:34  Drone x3  
  30  3:37  Queen  
  30  3:39  Queen  
  35  3:43  Queen  
  37  3:54  Spore Crawler  
  36  4:06  Drone x4  
  36  4:08  Drone x2  
  41  4:11  Overlord  
  40  4:22  Extractor  
  37  4:26  Spore Crawler  
  37  4:28  Queen  
  37  4:30  Drone  
  37  4:42  Queen  
  37  4:44  Drone  
  40  4:48  Drone  
  41  5:05  Hatchery  
  40  5:17  Zergling x6  
  40  5:18  Zergling x2  
  40  5:19  Zergling x2  
  45  5:22  Drone  
  45  5:37  Spine Crawler  
  45  5:42  Spine Crawler  
  41  5:45  Zergling x2  
  41  5:46  Zergling x2  
  41  5:48  Overlord  
  42  6:03  Drone x3  
  45  6:04  Zergling x4  
  45  6:05  Zergling x4  
  45  6:06  Zergling x2  
  45  6:19  Baneling Nest  
  43  6:26  Lair  
  40  6:33  Queen  
  40  6:35  Drone x2  
  43  6:48  Drone  
  43  6:49  Drone x2  
  43  6:54  Drone x3  
  49  7:01  Queen  
  51  7:12  Zergling x2  
  51  7:13  Zergling x6  
  51  7:14  Zergling x2  
  56  7:19  Zergling x2  
  57  7:23  Drone x2  
  52  7:37  Spine Crawler  
  52  7:40  Spine Crawler  
  49  7:46  Zergling x6  
  49  7:47  Zergling x2  
  49  7:48  Zergling x6  
  48  8:11  Roach Warren  
  48  8:12  Drone  
  48  8:13  Drone x2  
  48  8:15  Baneling x2  
  50  8:21  Baneling  
  50  8:22  Baneling x5  
  50  8:29  Drone x3  
  53  8:36  Spore Crawler  
  52  8:46  Baneling  
  52  8:49  Overlord  
  52  8:52  Pneumatized Carapace  
  52  8:56  Burrow  
  52  8:59  Drone x2  
  52  9:01  Drone, Roach  
  57  9:05  Spore Crawler  
  56  9:11  Extractor  
  55  9:29  Hatchery  
  47  10:01  Evolution Chamber  
  47  10:04  Spire  
  45  10:07  Spire  
  45  10:12  Centrifugal Hooks  
  45  10:14  Metabolic Boost  
  44  10:23  Spore Crawler  
  40  10:34  Hatchery  
  36  10:44  Roach  
  36  10:45  Roach x6  
  36  10:46  Roach x5  
  36  10:48  Zergling x2  
  57  10:56  Drone  
  55  11:09  Overseer  
  55  11:37  Mutalisk  
  55  11:38  Mutalisk  
  59  11:40  Mutalisk  
  59  11:42  Mutalisk  
  63  12:00  Drone x3  
  66  12:02  Queen  
  66  12:06  Spore Crawler  
  67  12:12  Glial Reconstitution  
  67  12:26  Drone x3  
  67  12:27  Overlord  
  53  13:02  Zergling x4  
  53  13:03  Roach  
  53  13:04  Zergling x4  
  53  13:05  Mutalisk x2  
  45  13:07  Roach  
Show
View Real Time Build Order
Export as new Build Order

ThickMunky Zerg - Winner!

Build Orders: Pool First 

Get SALT Encoding   

  12  0:27  Drone  
  12  0:28  Drone  
  14  0:29  Overlord  
  14  0:47  Drone  
  14  0:48  Drone  
  16  0:59  Drone  
  17  1:10  Spawning Pool  
  16  1:13  Drone  
  16  1:18  Hatchery  
  16  1:23  Drone  
  17  1:26  Extractor  
  17  1:31  Drone  
  17  2:21  Zergling x6  
  20  2:26  Queen  
  20  2:29  Queen  
  22  2:32  Zergling x2  
  26  2:37  Zergling x2  
  26  2:39  Roach Warren  
  26  2:43  Zergling x2  
  26  2:45  Zergling x2  
  27  2:54  Zergling x2  
  27  3:03  Zergling x2  
  27  3:12  Overlord x2  
  27  3:18  Drone, Extractor  
  27  3:29  Queen  
  27  3:30  Drone x2  
  27  3:32  Drone  
  32  3:40  Drone  
  33  3:45  Drone  
  33  3:47  Drone  
  35  3:52  Hatchery  
  35  3:54  Roach  
  36  3:57  Roach  
  38  4:09  Roach x2  
  42  4:11  Drone  
  42  4:14  Overlord  
  41  4:23  Drone x2  
  41  4:24  Drone  
  41  4:30  Roach x2  
  44  4:33  Roach  
  45  4:39  Roach  
  45  4:42  Roach  
  45  4:43  Drone  
  45  4:45  Drone  
  51  4:53  Drone  
  51  4:57  Overlord  
  51  4:59  Overlord  
  52  5:06  Spore Crawler  
  51  5:09  Spore Crawler  
  51  5:12  Drone x2  
  51  5:13  Drone  
  53  5:15  Drone x4  
  53  5:18  Extractor  
  53  5:19  Drone  
  53  5:20  Drone  
  58  5:29  Lair  
  58  5:30  Roach  
  58  5:32  Roach  
  52  5:51  Roach  
  52  5:52  Roach x4  
  62  5:58  Drone x2  
  62  5:59  Drone  
  62  6:01  Roach x3  
  71  6:05  Drone  
  71  6:07  Drone x2, Evolution Chamber  
  71  6:21  Drone  
  70  6:25  Spine Crawler  
  70  6:26  Drone x3  
  72  6:37  Overlord, Roach  
  72  6:45  Spore Crawler, Queen  
  72  6:46  Spore Crawler  
  70  6:56  Hydralisk Den  
  69  7:05  Spore Crawler  
  69  7:07  Spore Crawler  
  67  7:20  Drone  
  67  7:21  Drone x5, Queen  
  75  7:36  Roach x3  
  81  7:42  Overlord x3  
  81  7:45  Muscular Augments  
  81  7:47  Zerg Missile Weapons Level 1  
  81  7:51  Evolution Chamber  
  70  8:18  Hydralisk x4  
  70  8:19  Hydralisk  
  68  8:20  Zergling x2  
  68  8:25  Zergling x6  
  68  8:26  Zergling x4  
  70  8:27  Drone  
  70  8:28  Drone x2  
  70  8:30  Queen, Extractor  
  70  8:33  Queen  
  76  8:42  Extractor  
  76  8:47  Drone  
  76  8:50  Hydralisk x2  
  80  8:56  Zergling x6  
  80  8:57  Hatchery  
  80  8:58  Zergling x6  
  80  9:01  Drone  
  80  9:02  Drone  
  87  9:07  Zergling x2, Extractor  
  87  9:08  Metabolic Boost  
  87  9:14  Zerg Melee Weapons Level 1  
  87  9:17  Zergling x2  
  85  9:24  Zergling x2  
  85  9:25  Zergling x4  
  85  9:28  Spine Crawler  
  82  9:41  Roach x4  
  86  9:55  Roach  
  86  9:56  Drone x3  
  86  9:58  Hydralisk  
  86  9:59  Hydralisk x4  
  99  10:01  Zergling x2  
  99  10:02  Zergling x2  
  103  10:09  Spore Crawler  
  103  10:12  Spore Crawler x2  
  100  10:15  Hydralisk  
  100  10:18  Zergling x2  
  103  10:23  Drone x2  
  103  10:26  Drone x2  
  107  10:28  Hydralisk x2  
  107  10:30  Zergling x2  
  107  10:31  Overlord x2  
  111  10:49  Hatchery  
  95  11:10  Zergling x2  
  95  11:11  Zergling x10  
  95  11:14  Drone x3  
  95  11:16  Drone x3  
  99  11:20  Roach x7  
  99  11:22  Zerg Ground Armor Level 1  
  108  11:27  Grooved Spines  
  104  11:44  Roach x2  
  108  11:47  Zergling x6  
  111  11:56  Zergling x6  
  111  11:58  Zergling x2  
  111  11:59  Zergling x8  
  119  12:06  Hydralisk x4  
  127  12:09  Overseer  
  127  12:15  Drone x2  
  129  12:16  Drone  
  129  12:17  Zergling x2  
  129  12:18  Zergling x2  
  132  12:25  Hydralisk  
  132  12:27  Overlord x2  
  132  12:28  Overlord x3  
  134  12:42  Lurker Den  
  131  12:44  Infestation Pit  
  126  12:58  Hydralisk  
  126  12:59  Hydralisk x6  
  126  13:03  Drone  
  126  13:04  Drone x5  
  144  13:06  Zergling x2  
  144  13:07  Zergling x12  
  144  13:10  Zergling x12  
Show
View Real Time Build Order
Export as new Build Order

David Terran - Winner!

Build Orders: Reaper Expand 

Get SALT Encoding   

  12  0:01  SCV  
  13  0:15  Supply Depot  
  13  0:23  SCV  
  14  0:39  Refinery  
  14  0:41  Barracks  
  14  0:51  SCV  
  15  1:03  SCV  
  16  1:28  Orbital Command  
  16  1:30  Reaper  
  17  1:49  Command Center  
  17  1:56  SCV  
  18  2:11  Supply Depot  
  18  2:14  Marine  
  19  2:32  Marine  
  20  2:47  Factory  
  20  2:50  Marine  
  21  3:08  Marine  
  22  3:27  Barracks Reactor  
  22  3:35  SCV  
  22  3:36  SCV, Command Center  
  23  3:47  SCV  
  23  3:48  SCV  
  25  3:55  Supply Depot  
  25  3:59  SCV  
  25  4:00  SCV  
  27  4:03  Reaper x2  
  29  4:11  SCV  
  29  4:12  SCV  
  31  4:23  SCV  
  32  4:24  Refinery  
  32  4:30  SCV  
  33  4:36  SCV  
  34  4:42  SCV  
  35  4:49  SCV  
  36  4:54  SCV  
  37  5:06  SCV, Starport  
  38  5:15  Supply Depot  
  38  5:16  SCV  
  38  5:18  SCV  
  38  5:29  SCV  
  38  5:34  Orbital Command  
  39  5:41  SCV  
  40  5:53  SCV  
  41  6:05  SCV  
  41  6:10  Hellion  
  44  6:29  Armory  
  44  6:31  Hellion  
  46  6:33  Viking  
  48  6:52  Hellion  
  50  6:59  Supply Depot  
  50  7:03  SCV, Viking  
  50  7:07  Marine x2  
  55  7:14  Hellion  
  57  7:15  SCV  
  58  7:25  Marine x2  
  58  7:27  SCV  
  61  7:32  Supply Depot  
  61  7:33  Viking  
  61  7:35  Engineering Bay, Hellion  
  65  7:40  SCV  
  65  7:42  Marine  
  65  7:43  Marine  
  68  7:52  SCV  
  68  7:58  Factory Tech Lab  
  69  8:00  Marine  
  69  8:01  Marine  
  69  8:03  Viking  
  73  8:11  Starport  
  73  8:26  Terran Infantry Weapons Level 1  
  73  8:28  Terran Ship Weapons Level 1  
  73  8:33  Viking  
  75  8:40  Supply Depot  
  75  8:48  SCV  
  76  8:54  Refinery  
  76  8:57  Refinery  
  76  9:00  SCV  
  76  9:02  Starport Reactor  
  77  9:03  Supply Depot  
  77  9:08  Starport Reactor  
  77  9:10  Starport  
  77  9:12  SCV  
  78  9:24  SCV  
  78  9:25  Supply Depot  
  79  9:36  SCV  
  78  9:47  Supply Depot  
  78  9:48  Starport Reactor  
  78  9:58  Supply Depot  
  78  9:59  SCV  
  79  10:01  SCV  
  79  10:07  Refinery  
  80  10:08  Refinery  
  80  10:09  Supply Depot  
  80  10:11  SCV  
  80  10:14  SCV  
  82  10:20  Supply Depot, Terran Infantry Armor Level 1  
  82  10:22  Terran Vehicle Weapons Level 1  
  77  10:40  Viking x6  
  80  10:52  SCV  
  77  11:05  SCV  
  77  11:06  SCV  
  77  11:10  Viking x6  
  91  11:11  SCV  
  91  11:17  SCV  
  93  11:18  SCV  
  93  11:24  SCV  
  95  11:29  Supply Depot, SCV  
  95  11:31  SCV  
  97  11:36  Supply Depot, SCV  
  98  11:41  SCV  
  98  11:45  Viking  
  98  11:46  Viking x5  
  111  11:48  SCV  
  111  11:53  Supply Depot  
  112  11:58  Supply Depot  
  112  12:00  SCV  
  113  12:15  Viking  
  113  12:20  Supply Depot  
  115  12:32  SCV  
  115  12:34  Viking  
  115  12:35  Viking x4  
  126  12:42  Supply Depot  
  126  12:45  SCV, Viking  
  129  12:55  Hellion  
Tags
 
Add a new tag
Caveats
  • Supply blocks, unpowered buildings, or Contaminate may cause inaccurate times.
  • Supply counts are checked every 10 seconds.